Map: 亚历山大港 - 天梯版

Players

Dark

  • Race: Zerg Zerg
  • League: Gold

Elazer - Winner!

  • Race: Zerg Zerg

Event: WESG 2018 Grand Finals

VOD

Have the link to the VOD?

Description

Time

  • Played on: March 11, 2019, 6:47 a.m.
  • Length: 10:07

All games in this series

Show
View Real Time Build Order
Export as new Build Order

Dark Zerg 

Build Orders: Hatch First 

Get SALT Encoding   

  12  0:00  Drone  
  13  0:12  Overlord  
  13  0:17  Drone  
  14  0:32  Drone x2  
  16  0:35  Drone  
  17  0:51  Hatchery  
  17  0:55  Drone  
  17  0:59  Drone  
  18  1:09  Extractor  
  17  1:14  Spawning Pool  
  17  1:16  Drone  
  17  1:20  Drone  
  18  1:28  Drone  
  19  1:38  Drone  
  20  1:53  Overlord  
  20  2:01  Queen  
  20  2:03  Queen  
  20  2:04  Drone x2  
  26  2:10  Metabolic Boost  
  26  2:13  Drone  
  27  2:18  Drone  
  27  2:22  Drone  
  29  2:30  Zergling x2  
  29  2:36  Zergling x2  
  31  2:38  Drone  
  31  2:42  Hatchery  
  31  2:46  Drone  
  31  2:50  Baneling Nest  
  31  2:55  Overlord  
  31  2:57  Drone  
  32  3:08  Drone  
  32  3:10  Zergling x4  
  32  3:11  Zergling x2  
  36  3:14  Zergling x4  
  36  3:15  Zergling x2  
  36  3:19  Zergling x4  
  41  3:22  Zergling x2  
  42  3:33  Overlord  
  42  3:42  Drone x2  
  44  3:52  Drone  
  44  3:53  Drone x7  
  44  3:54  Drone  
  44  3:55  Evolution Chamber  
  49  4:03  Drone x2  
  49  4:05  Queen  
  53  4:14  Roach Warren  
  53  4:15  Drone  
  53  4:17  Overlord  
  53  4:19  Overlord  
  53  4:24  Zerg Ground Armor Level 1  
  53  4:31  Zergling x8  
  53  4:33  Zergling x2  
  53  4:35  Zergling x4  
  53  4:37  Zergling x2  
  60  4:40  Zergling x4  
  60  4:44  Zergling x4  
  65  4:48  Overlord  
  65  4:49  Zergling x4  
  67  4:53  Zergling x4  
  67  4:55  Zergling x2  
  67  4:59  Zergling x6  
  73  5:12  Zergling x4  
  73  5:14  Baneling x12  
  74  5:16  Zergling x2  
  74  5:17  Zergling x4  
  74  5:19  Zergling x8  
  81  5:24  Overlord  
  81  5:27  Roach Warren  
  80  5:36  Zergling x2  
  76  5:45  Zergling x14  
  76  5:47  Zergling x8  
  78  5:51  Zergling x10  
  78  5:54  Zergling x2  
  78  5:55  Zergling x2  
  78  5:58  Zergling x4  
  69  6:05  Drone  
  69  6:10  Hatchery  
  68  6:13  Drone x3  
  68  6:16  Drone x3, Extractor  
  73  6:23  Zerg Missile Weapons Level 1  
  72  6:26  Drone x3, Extractor  
  72  6:28  Drone  
  72  6:29  Drone x2  
  70  6:43  Roach x4  
  70  6:44  Roach  
  68  6:47  Roach  
  68  6:53  Zergling x4  
  68  6:54  Zergling x6  
  75  6:58  Roach x2  
  75  6:59  Zergling x10  
  84  7:01  Roach  
  84  7:02  Zergling x2  
  84  7:06  Roach  
  89  7:10  Spine Crawler  
  89  7:12  Zergling x2  
  89  7:13  Overlord x2  
  89  7:22  Roach  
  85  7:25  Zergling x10  
  85  7:28  Roach x2  
  73  7:31  Roach  
  73  7:35  Roach  
  65  7:38  Roach  
  65  7:41  Roach  
  69  7:44  Roach  
  69  7:47  Roach  
  67  7:51  Roach  
  62  7:58  Roach  
  62  7:59  Roach  
  62  8:00  Roach  
  62  8:05  Roach  
  66  8:10  Roach  
  63  8:12  Zergling x2  
  63  8:13  Zergling x4  
  63  8:16  Roach  
  59  8:23  Roach  
  59  8:24  Zergling x4  
  59  8:33  Roach  
  56  8:38  Drone x5  
  50  8:43  Roach  
  50  8:46  Roach  
  52  8:50  Roach  
  52  8:54  Zergling x6  
  56  8:59  Roach  
  56  9:02  Zergling x4  
  56  9:06  Roach  
  56  9:09  Roach  
  56  9:14  Zergling x4  
  56  9:15  Zergling x4  
  56  9:24  Roach x2, Zergling x4  
  59  9:29  Zergling x4  
  57  9:33  Roach  
  57  9:38  Roach  
  53  9:40  Zergling x4  
  53  9:42  Roach  
  53  9:48  Roach  
Show
View Real Time Build Order
Export as new Build Order

Elazer Zerg - Winner!

Build Orders: Hatch First 

Get SALT Encoding   

  12  0:00  Drone  
  13  0:12  Overlord  
  13  0:17  Drone  
  14  0:30  Drone x2  
  16  0:49  Hatchery  
  15  0:51  Drone  
  15  0:55  Drone  
  17  1:09  Spawning Pool  
  16  1:12  Drone  
  16  1:15  Drone  
  18  1:19  Drone  
  18  1:23  Extractor  
  18  1:28  Drone  
  19  1:38  Drone  
  20  1:49  Overlord  
  20  1:56  Queen  
  20  2:00  Queen  
  20  2:01  Zergling x2  
  25  2:02  Drone  
  26  2:11  Drone  
  26  2:12  Drone  
  28  2:21  Drone  
  29  2:24  Drone  
  30  2:32  Drone  
  30  2:34  Drone  
  30  2:36  Queen  
  32  2:42  Hatchery  
  33  2:46  Overlord  
  33  2:48  Drone  
  34  2:54  Drone x2  
  36  3:02  Roach Warren  
  35  3:06  Drone x3  
  35  3:09  Drone  
  35  3:11  Drone  
  40  3:13  Drone  
  40  3:17  Drone  
  40  3:19  Overlord  
  42  3:27  Overlord  
  42  3:39  Extractor  
  42  3:40  Evolution Chamber, Extractor  
  39  3:42  Roach, Evolution Chamber  
  39  3:43  Roach x4  
  39  3:46  Drone  
  39  3:47  Lair, Drone  
  49  3:52  Drone  
  50  3:56  Evolution Chamber  
  50  3:58  Drone x3  
  50  3:59  Drone  
  53  4:08  Overlord, Drone  
  55  4:16  Drone x3  
  58  4:26  Drone  
  58  4:27  Drone  
  60  4:32  Roach  
  60  4:33  Roach  
  64  4:39  Overlord  
  64  4:41  Hatchery  
  63  4:46  Roach x2, Drone  
  63  4:48  Overlord, Glial Reconstitution  
  68  4:58  Drone  
  69  5:00  Overlord  
  69  5:01  Drone x3  
  69  5:02  Overseer  
  69  5:06  Drone  
  73  5:11  Overlord  
  73  5:13  Roach x3  
  79  5:16  Overlord  
  79  5:19  Roach  
  79  5:20  Overlord  
  81  5:27  Evolution Chamber  
  81  5:28  Overlord  
  81  5:29  Roach x2  
  85  5:37  Overlord  
  85  5:38  Extractor  
  80  5:45  Roach x6  
  86  5:50  Roach  
  86  5:52  Queen x2  
  73  6:10  Overlord, Evolution Chamber  
  73  6:11  Roach  
  74  6:16  Roach x2  
  78  6:19  Roach  
  78  6:24  Nydus Network  
  80  6:26  Roach x2  
  80  6:27  Queen  
  80  6:29  Roach  
  88  6:37  Roach x3  
  90  6:41  Roach  
  90  6:46  Ravager  
  85  6:47  Roach x2  
  85  6:51  Roach x2  
  93  6:54  Roach  
  93  6:57  Roach  
  93  7:00  Nydus Canal  
  97  7:04  Queen  
  97  7:07  Roach  
  101  7:12  Roach  
  101  7:13  Roach  
  101  7:15  Nydus Canal  
  105  7:18  Roach  
  105  7:24  Roach  
  105  7:27  Roach  
  105  7:28  Queen  
  98  7:33  Roach  
  90  7:37  Roach  
  90  7:42  Roach  
  94  7:48  Roach  
  88  7:54  Roach  
  88  7:56  Queen  
  86  8:00  Roach x4  
  86  8:04  Queen  
  94  8:10  Roach  
  92  8:14  Roach  
  88  8:20  Roach x2  
  80  8:30  Roach  
  80  8:32  Burrow  
  74  8:34  Roach  
  66  8:46  Roach x5  
  66  8:48  Queen  
  68  8:57  Roach x4  
  72  9:04  Roach, Nydus Canal  
  72  9:06  Roach  
  74  9:12  Roach  
  74  9:16  Roach  
  76  9:20  Roach x4  
  76  9:24  Queen  
  78  9:29  Queen  
  72  9:32  Roach x4  
  74  9:40  Roach x2  
  74  9:42  Roach x12  
  76  9:47  Roach  
Tags
 
Add a new tag
Caveats
  • Supply blocks, unpowered buildings, or Contaminate may cause inaccurate times.
  • Supply counts are checked every 10 seconds.